 Dungeon Crawl Stone Soup version 0.27.0-1-g7a089689b8 (webtiles) character file.

Game seed: 939796153092565656

141 Crazydiamond the Insei (level 5, -2/33 HPs)
             Began as an Octopode Transmuter on Aug 16, 2021.
             Slain by Robin (8 damage)
             ... on level 3 of the Dungeon.
             The game lasted 00:04:00 (2566 turns).

Crazydiamond the Insei (Octopode Transmuter)        Turns: 2566, Time: 00:04:02

Health: -2/33      AC:  1    Str: 10    XL:     5   Next: 24%
Magic:  8/8        EV: 13    Int: 16    God:
Gold:   70         SH:  0    Dex: 12    Spells: 3/9 levels left

rFire    . . .     SeeInvis .     - Unarmed
rCold    . . .     Faith    .   (no shield)
rNeg     . . .     Spirit   .   (helmet currently unavailable)
rPois    .         Reflect  .   (no amulet)
rElec    .         Harm     .   (no ring)
rCorr    .         Rampage  .   (no ring)
Will     .....                  (no ring)
Stlth    ++........             (no ring)
HPRegen  0.11/turn              (no ring)
MPRegen  0.11/turn              (no ring)
                                (no ring)
                                (no ring)

@: lethally poisoned (-2 -> -9), appendages
A: tentacle spike 3, almost no armour, amphibious, 8 rings, camouflage 1,
gelatinous body 1, (nimble swimmer 1), tentacles
a: End Transformation


You were on level 3 of the Dungeon.
One of your tentacles had grown a beastly spike.
You visited 1 branch of the dungeon, and saw 3 of its levels.

You collected 70 gold pieces.

Inventory:

Missiles
 e - 12 poisoned darts (quivered)
Wands
 k - a wand of flame (9)
Scrolls
 a - a scroll of magic mapping {unknown}
 c - 2 scrolls of enchant weapon {unknown}
 h - a scroll of immolation {unknown}
 i - a scroll of fear {unknown}
 j - 2 scrolls of identify {unknown}
 l - a scroll of teleportation {unknown}
Potions
 b - 2 potions of degeneration {unknown}
 d - a potion of mutation {unknown}
 f - 3 potions of might {unknown}
 g - a potion of curing {unknown}
 m - a potion of flight {unknown}


   Skills:
 + Level 1.5 Fighting
 + Level 2.6 Dodging
 + Level 4.6 Unarmed Combat
 + Level 2.6 Spellcasting
 + Level 2.3 Transmutations
 + Level 0.2 Poison Magic


You had 3 spell levels left.
You knew the following spells:

 Your Spells              Type           Power      Damage    Failure   Level
a - Beastly Appendage     Tmut           18%        N/A       8%          1
b - Wereblood             Tmut           9%         N/A       11%         2
c - Spider Form           Tmut/Pois      3%         N/A       34%         3

Your spell library contained the following spells:

 Spells                   Type           Power      Damage    Failure   Level
 Ice Form                 Ice/Tmut       5%         N/A       75%         4


Dungeon Overview and Level Annotations

Branches:
Dungeon (3/15)

Altars:
Dithmenos

Annotations:
D:3 Robin


Innate Abilities, Weirdness & Mutations

One of your tentacles has grown a beastly spike.
You cannot wear most types of armour.
You are amphibious.
You can wear up to eight rings at the same time.
Your skin changes colour to match your surroundings (Stealth+).
Your rubbery body absorbs attacks. (AC +1, EV +1)
((You are camouflaged near water. (Stealth+)))
You have tentacles for arms and can constrict up to eight enemies at once.


Message History

Found a stone staircase leading up.
You see here a bat skeleton.
Found a stone staircase leading down.
c - 2 scrolls labelled OKLA PUORIME (gained 1)
A goblin and Robin come into view.
Robin is wielding a +4 spear of venom.
The goblin shouts!
You hear a shout! x4
A goblin comes into view. It is wielding a +0 club.
A hobgoblin comes into view.
A goblin comes into view. It is wielding a +0 dagger.
A hobgoblin comes into view.
Found 11 gold pieces.
Casting: Spider Form (quite dangerous; 34% risk of failure)
Confirm with . or Enter, or press ? or * to list all spells.
One of your tentacles grows a vicious spike.
You bludgeon the goblin!
You kill the goblin!
You tentacle-slap the goblin but do no damage.
Your grab misses the goblin.
You pierce the goblin.
You kill the goblin!
You barely miss Robin. Your grab misses Robin.
Robin roars a battlecry!
You hear a shout! x4
You closely miss Robin. Your grab misses Robin.
You pierce Robin, but do no damage.
Robin hits you with a +4 spear of venom!
You are poisoned.
You tentacle-slap Robin but do no damage.
Your grab misses Robin. You squeeze Robin, but do no damage.
You feel very sick.
Robin hits you with a +4 spear of venom.
You barely miss Robin. You grab Robin. You constrict Robin.
You feel sick.
Robin hits you with a +4 spear of venom.
* * * LOW HITPOINT WARNING * * *
You tentacle-slap Robin.
Robin is moderately wounded.
You constrict Robin.
* * * LOW HITPOINT WARNING * * *
You feel sick.
Robin hits you with a +4 spear of venom!
You die...

....)..# #[.รท#### #
#...# .# #...# ####.##
#...#####.....
..........#># ####g.g
...........#.###...gggg
..........###.#g##
#...####...###..@#
#...# #....#....# #.#.#
#.#.#..#.#.#
#...##.###.....#.#
#...### #.#..###.#
...#..# #.# ### #...
... ##.....# ##.#


You could see Robin.

Vanquished Creatures
  An ogre (D:3)
  A worm (D:2)
  A dart slug (D:2)
  7 ball pythons
  5 endoplasms
  A giant cockroach (D:1)
  8 goblins
  5 hobgoblins
  4 jackals (D:2)
  A quokka (D:2)
  4 bats
  2 frilled lizards (D:1)
  5 kobolds
  5 rats
50 creatures vanquished.

Notes
Turn   | Place    | Note
-------+----------+-------------------------------------------
     0 | D:1      | Crazydiamond the Octopode Transmuter began the quest for
                  | the Orb.
     0 | D:1      | Reached XP level 1. HP: 13/13 MP: 3/3
   175 | D:1      | Reached XP level 2. HP: 18/18 MP: 5/5
   853 | D:1      | Found a faded altar of an unknown god.
  1001 | D:1      | Reached XP level 3. HP: 4/23 MP: 6/6
  1960 | D:2      | Reached skill level 4 in Unarmed Combat
  1967 | D:2      | Found a shadowy altar of Dithmenos.
  2168 | D:3      | Learned a level 2 spell: Wereblood
  2172 | D:3      | Learned a level 3 spell: Spider Form
  2416 | D:3      | Noticed an ogre
  2420 | D:3      | Reached XP level 4. HP: 28/28 MP: 7/7
  2432 | D:3      | Killed an ogre
  2433 | D:3      | Reached XP level 5. HP: 33/33 MP: 4/8
  2554 | D:3      | Noticed Robin
  2566 | D:3      | Slain by Robin

Illustrated notes

Levels and vault maps discovered:
D:1:      nzn_arrival_settlement, layout_basic, chequers_ecumenical_altar_lobes
D:2:      layout_basic, basic_altar
D:3:      layout_loops_cross, serial_shops, nicolae_shop_window_shopping,
          chequers_serial_rivers_room_a, uniq_robin

Skill      XL: |  1  2  3 |
---------------+----------+-----
Unarmed Combat | 4 |  4.6
Fighting       | |  1.5
Dodging        | |  2.6
Spellcasting   | |  2.6
Transmutations | |  2.3
Poison Magic   | |  0.2

Action                   |  1- 3 |  4- 6 || total
-------------------------+-------+-------++-------
Melee: Unarmed           |    89 |    12 ||   101
       Constrict         |    21 |     1 ||    22
       Tentacles         |    13 |     1 ||    14
       Punch             |     4 |       ||     4
       Kick              |     7 |     2 ||     9
 Cast: Beastly Appendage |     6 |     1 ||     7
       Spider Form       |       |     1 ||     1
 Stab: Sleeping          |     9 |       ||     9
Armor: Skin              |    10 |       ||    10
Dodge: Dodged            |    51 |     3 ||    54
